 Dungeon Crawl Stone Soup version 0.24.1 (webtiles) character file.

Game seed: 15650619980965067559, levelgen mode: deterministic

56 Curus the Cudgeler (level 3, -1/46 HPs)
             Began as a Draconian Berserker on Apr 7, 2020.
             Was a Believer of Trog.
             Slain by a hobgoblin
             ... wielding a +0 club
              (2 damage)
             ... on level 2 of the Dungeon.
             The game lasted 00:04:55 (1103 turns).

Curus the Cudgeler (Draconian Berserker)            Turns: 1103, Time: 00:04:56

Health: -1/46      AC:  5    Str: 24    XL:     3   Next: 69%
Magic:  3/3        EV: 12    Int:  7    God:    Trog [**....]
Gold:   95         SH:  2    Dex: 11    Spells: 2/2 levels left

rFire    . . .     SeeInvis .   a - +0 mace
rCold    . . .     Gourm    .   (no shield)
rNeg     . . .     Faith    .   (armour unavailable)
rPois    .         Spirit   .   (helmet restricted)
rElec    .         Reflect  +   (no cloak)
rCorr    .         Harm     .   (no gloves)
MR       .....                  (no boots)
Stlth    ..........             h - +2 amulet of reflection
HPRegen  0.15/turn              f - ring of stealth
MPRegen  0.08/turn              (no ring)

@: berserking, very quick
A: unfitting armour, mutation resistance 1, cold-blooded, AC +5
a: Berserk, Trog's Hand, Renounce Religion


You were on level 2 of the Dungeon.
You worshipped Trog.
Trog was pleased with you.
You were hungry.

You visited 1 branch of the dungeon, and saw 2 of its levels.

You collected 95 gold pieces.

Inventory:

Hand Weapons
 a - a +0 mace (weapon)
Jewellery
 f - a ring of stealth (left hand)
 h - a +2 amulet of reflection (around neck)
Scrolls
 c - 3 scrolls of immolation
 d - a scroll of remove curse
 g - a scroll of fear
Potions
 e - a potion of brilliance
Comestibles
 b - a ration


   Skills:
 - Level 3.2 Fighting
 + Level 4.7 Maces & Flails
 - Level 2.6 Dodging


You had 2 spell levels left.
You didn't know any spells.
Your spell library was empty.

Dungeon Overview and Level Annotations

Branches:
Dungeon (2/15)

Altars:
Xom


Innate Abilities, Weirdness & Mutations

Your plain brown scales are hard. (AC +5)
You cannot fit into any form of body armour.
You are cold-blooded and may be slowed by cold attacks.
You are somewhat resistant to further mutation.


Message History

* * * LOW HITPOINT WARNING * * *
The gnoll misses you.
The quokka bites the plant but does no damage.
The hobgoblin hits something with a +0 club.
You sock the gnoll!
You kill the gnoll!
Trog accepts your kill.
The gnoll hits you from afar with a +0 spear.
* * * LOW HITPOINT WARNING * * *
The kobold misses you.
The quokka bites the plant but does no damage.
You barely miss the kobold. You tail-slap the kobold.
You kill the kobold!
Trog accepts your kill. The gnoll closely misses you.
You sock the quokka!
You kill the quokka!
Trog accepts your kill. The hobgoblin hits you with a +0 club.
You die...

§. ♣ § . §♣§ ♣ ♣. ♣♣.♣
♣. ♣♣.♣♣ ♣..♣♣♣P♣
♣.P..♣ ♣..♣.♣.♣♣♣
P..♣P.♣♣♣P.♣.P.♣P♣
♣...8..P♣@..♣.♣P♣♣♣ ♣r
..#.....gP).♣..♣♣.♣
♣.♣
$......g..♣P.♣P.♣.P♣.♣
_...#...♣.PPP♣.♣♣.♣.P♣
!.....P..♣.P♣♣♣.♣PP.
..#.P......♣P♣..♣.♣
.P....P♣PP..♣...P♣
PP♣♣.P♣♣♣..♣PP.P.♣♣♣♣
§ ..
.P♣PP.♣♣###P♣.♣..♣♣§§#


You could see a gnoll and a hobgoblin.

Vanquished Creatures
  A gnoll (D:2)
  An adder (D:2)
  A dart slug (D:1)
  A leopard gecko (D:1)
  2 giant cockroaches (D:1)
  A goblin (D:1)
  6 hobgoblins
  6 kobolds
  2 quokkas (D:2)
  4 bats
  4 frilled lizards
  3 rats (D:1)
32 creatures vanquished.

Notes
Turn   | Place    | Note
-------+----------+-------------------------------------------
     0 | D:1      | Curus the Draconian Berserker began the quest for the Orb.
     0 | D:1      | Reached XP level 1. HP: 19/19 MP: 1/1
   182 | D:1      | Reached XP level 2. HP: 9/26 MP: 2/2
   542 | D:1      | Reached skill level 4 in Maces & Flails
   928 | D:2      | Found a faded altar of an unknown god.
   965 | D:2      | Gained mutation: You are somewhat resistant to further
                  | mutation. [potion of mutation]
   976 | D:2      | Reached XP level 3. HP: 31/31 MP: 3/3
  1085 | D:2      | Found a shimmering altar of Xom.
  1093 | D:2      | Reached ** piety under Trog
  1100 | D:2      | HP: 2/46 [kobold/+0 short sword (7)]
  1103 | D:2      | Slain by a hobgoblin

Levels and vault maps discovered:
D:1:      dpeg_chamrin_arrival_tetris, layout_loops_ring, serial_bayou_ford_a
D:2:      wad_woods_stonehenge, layout_basic, chequers_ecumenical_altar_simple

Skill      XL: |  1  2 |
---------------+-------+-----
Maces & Flails | 4 |  4.7
Fighting       | |  3.2
Dodging        | |  2.6

Action                   || total
-------------------------++-------
Melee: Mace              ||    89
       Tailslap          ||    14
Invok: Berserk           ||     1
  Use: Scroll            ||     6
       Potion            ||     3
 Stab: Sleeping          ||     1
  Eat: Chunk             ||     1
Armor: Skin              ||    29
Dodge: Dodged            ||    62
Block: Other             ||     2
